 Dungeon Crawl Stone Soup version 0.24.0-123-gd5b16e6ec5 (webtiles) character file.

Game seed: 12664517551768181397, levelgen mode: deterministic

154 FluffierThanThou the Skirmisher (level 5, -1/48 HPs)
             Began as a Minotaur Fighter on Jan 17, 2020.
             Killed by divine providence
             ... invoked by an orc priest
              (16 damage)
             ... on level 3 of the Dungeon.
             The game lasted 00:03:14 (1681 turns).

FluffierThanThou the Skirmisher (Minotaur Fighter)  Turns: 1681, Time: 00:03:15

Health: -1/48      AC:  7    Str: 22    XL:     5   Next: 13%
Magic:  4/4        EV:  7    Int:  5    God:
Gold:   148        SH:  9    Dex:  9    Spells: 4/4 levels left

rFire    . . .     SeeInvis .   a - +0 war axe
rCold    . . .     Gourm    .   c - +0 shield
rNeg     . . .     Faith    .   b - +0 scale mail
rPois    .         Spirit   .   (helmet restricted)
rElec    .         Reflect  .   (no cloak)
rCorr    .         Harm     .   (no gloves)
MR       .....                  (no boots)
Stlth    ..........             (no amulet)
HPRegen  0.16/turn              (no ring)
MPRegen  0.09/turn              (no ring)

@: no status effects
A: retaliatory headbutt, horns 2
a: no special abilities


You were on level 3 of the Dungeon.
You were not hungry.

You visited 1 branch of the dungeon, and saw 3 of its levels.

You collected 148 gold pieces.

Inventory:

Hand Weapons
 a - a +0 war axe (weapon)
Armour
 b - a +0 scale mail (worn)
 c - a +0 shield (worn)
 o - a +0 pair of gloves
   (You found it on level 3 of the Dungeon)
Scrolls
 j - 5 scrolls of identify {unknown}
 k - 2 scrolls of amnesia {unknown}
 m - a scroll of magic mapping {unknown}
 n - a scroll of remove curse {unknown}
Potions
 f - a potion of haste {unknown}
 g - a potion of invisibility {unknown}
 h - a potion of flight {unknown}
 i - a potion of brilliance {unknown}
 l - a potion of curing {unknown}
Comestibles
 d - 2 chunks of flesh
 e - 3 rations {!d}


   Skills:
 * Level 5.0 Fighting
 + Level 3.3 Axes
 * Level 5.0 Armour
 + Level 4.4 Shields


You had 4 spell levels left.
You didn't know any spells.
Your spell library was empty.

Dungeon Overview and Level Annotations

Branches:
Dungeon (3/15)

Altars:
Kikubaaqudgha


Innate Abilities, Weirdness & Mutations

You reflexively headbutt those who attack you in melee.
You have a pair of horns on your head.


Message History

j - 5 scrolls labeled QUESEE XITRYL (gained 2)
Things that are here:
a +0 dagger; a +0 robe
f - a grey potion
o - a pair of gloves You see here 3 silver javelins.
You now have 148 gold pieces (gained 15).
An orc comes into view.
It is wielding a +2 flail of protection.
The orc throws a boomerang.
You block the boomerang.
The weapon returns to the orc!
The orc throws a boomerang.
You block the boomerang.
The weapon returns to the orc!
An orc and an orc priest come into view.
The orc shouts!
The orc priest shouts!
The orc throws a boomerang.
The boomerang hits you but does no damage.
The weapon returns to the orc!
The orc priest looks braver for a moment.
An orc priest comes into view.
The orc priest shouts!
You block the orc's attack.
The orc priest invokes the aid of Beogh against you.
Beogh smites you!
You barely miss the orc. You headbutt the orc.
The orc hits you with a +2 flail of protection.
The orc priest looks encouraged for a moment.
You slash the orc!
You kill the orc!
You block the orc's attack.
The orc priest mumbles some strange prayers to Beogh against you.
Beogh smites you!
* * * LOW HITPOINT WARNING * * *
You are too injured to fight recklessly!
You are too injured to fight recklessly!
You are too injured to fight recklessly!
You are too injured to fight recklessly!
You hit the orc priest. Your headbutt misses the orc priest.
You barely miss the orc. The orc hits you.
* * * LOW HITPOINT WARNING * * *
The orc priest hits you but does no damage.
The orc hits you.
* * * LOW HITPOINT WARNING * * *
You barely miss the orc priest. You closely miss the orc.
The orc priest hits you with a +0 hand axe.
* * * LOW HITPOINT WARNING * * *
The orc hits you but does no damage.
You slash the orc priest! You closely miss the orc. You slash the orc priest!
The orc priest invokes the aid of Beogh against you.
Beogh smites you!
You die...

##........... #............. .#
#...............
..##...............
...................
#..................####
#....ooo..............#
#.....@)...... #.##.. .
##............ #...#. ..
##...###..### ###.#. ...###
###..# #..# #.##
.....##....###..# #.##
#............## #####..# ...
##...###......####.......
....#..####..................
.........###.###.#...##....)รท.


You could see 2 orc priests and an orc.

Vanquished Creatures
  An orc wizard (D:3)
  An orc priest (D:3)
  2 adders (D:2)
  A shadow imp (D:2)
  An ooze (D:2)
  2 dart slugs (D:2)
  2 leopard geckos (D:2)
  4 orcs (D:3)
  5 bats
  4 giant cockroaches
  8 goblins
  7 hobgoblins
  2 jackals (D:2)
  A quokka (D:3)
  5 kobolds
  8 rats
54 creatures vanquished.

Notes
Turn   | Place    | Note
-------+----------+-------------------------------------------
     0 | D:1      | FluffierThanThou the Minotaur Fighter began the quest for
                  | the Orb.
     0 | D:1      | Reached XP level 1. HP: 19/19 MP: 0/0
   301 | D:1      | Reached XP level 2. HP: 23/27 MP: 1/1
   712 | D:2      | Reached XP level 3. HP: 33/33 MP: 2/2
  1161 | D:2      | Reached XP level 4. HP: 30/41 MP: 3/3
  1205 | D:2      | Found an ancient bone altar of Kikubaaqudgha.
  1419 | D:3      | Reached skill level 5 in Fighting
  1419 | D:3      | Reached skill level 5 in Armour
  1419 | D:3      | Reached XP level 5. HP: 16/48 MP: 4/4
  1681 | D:3      | Killed from afar by an orc priest

Levels and vault maps discovered:
D:1:      dpeg_arrival_refuge, layout_rooms, chequers_serial_rivers_marsh,
          solitary_fountain
D:2:      layout_loops_ring, lemuel_coloured_pillars_altar,
          minmay_tiny_reverse_x
D:3:      layout_rooms, first_ration

Skill      XL: |  1  2  3  4 |
---------------+-------------+-----
Fighting       | 4 5 |  5.0
Armour         | 4 5 |  5.0
Shields        | 4 |  4.4
Axes           | 3 |  3.3

Action                   |  1- 3 |  4- 6 || total
-------------------------+-------+-------++-------
Melee: War axe           |    79 |    45 ||   124
       Headbutt          |    10 |     6 ||    16
  Use: Potion            |     1 |       ||     1
  Eat: Chunk             |     1 |     2 ||     3
Armor: Scale mail        |    27 |    22 ||    49
Dodge: Dodged            |    28 |    10 ||    38
Block: Shield            |    49 |    30 ||    79
